 Dungeon Crawl Stone Soup version 0.26-a0-252-gb32a1a6195 (webtiles) character file.

Game seed: 10188267435361413086

310 Bbreath the Covered (level 6, -14/53 HPs)
             Began as a Minotaur Fighter on July 9, 2020.
             Killed from afar by a mummy (25 damage)
             ... with an exploding inner flame
             ... hexed by the player character
             ... in an ossuary.
             The game lasted 00:29:34 (3314 turns).

Bbreath the Covered (Minotaur Fighter)              Turns: 3314, Time: 00:29:35

Health: -14/53     AC: 14    Str: 21    XL:     6   Next: 18%
Magic:  5/5        EV:  6    Int:  9    God:
Gold:   146        SH: 10    Dex: 11    Spells: 5/5 levels left

rFire    . . .     SeeInvis .   a - +0 long sword
rCold    . . .     Faith    .   c - +0 kite shield
rNeg     . . .     Spirit   .   t - +0 chain mail
rPois    +         Reflect  .   (helmet restricted)
rElec    .         Harm     .   w - scarf {repulsion}
rCorr    .                      j - +1 pair of gloves
MR       .....                  (no boots)
Stlth    ..........             (no amulet)
HPRegen  0.17/turn              l - +6 ring of intelligence
MPRegen  0.09/turn              m - ring of poison resistance

@: repel missiles
A: retaliatory headbutt, horns 2, thin metallic scales 1, dopey 1
a: no special abilities


You were in an ossuary.
You were completely stuffed.

You visited 1 branch of the dungeon, and saw 5 of its levels.
You also visited: Ossuary.

You collected 146 gold pieces.

Inventory:

Hand Weapons
 a - a +0 long sword (weapon)
Missiles
 h - 6 poisoned darts
 k - 18 bolts (quivered)
Armour
 c - a +0 kite shield (worn)
 j - a +1 pair of gloves (worn)
 t - a +0 chain mail (worn)
 w - a scarf of repulsion (worn)
Jewellery
 b - an uncursed ring of wizardry
 i - an uncursed ring of attention
 l - a +6 ring of intelligence (left hand)
 m - a ring of poison resistance (right hand)
Wands
 o - a wand of clouds (3)
 x - a wand of random effects (15)
Scrolls
 n - 2 scrolls of fog {unknown}
 p - a scroll of blinking {unknown}
 s - 4 scrolls of teleportation {unknown}
 u - a scroll of random uselessness {unknown}
 v - a scroll of amnesia
Potions
 d - 2 potions of might
 g - a potion of cancellation {unknown}
 q - a potion of flight {unknown}
 r - a potion of invisibility
Comestibles
 f - 11 rations


   Skills:
 + Level 4.6 Fighting
 + Level 4.7 Long Blades
 + Level 5.2 Armour
 + Level 1.2 Dodging
 + Level 0.8 Stealth
 + Level 5.0 Shields


You had 5 spell levels left.
You didn't know any spells.
Your spell library was empty.

Dungeon Overview and Level Annotations

Branches:
Dungeon (5/15)            Ossuary (1/1)
 Temple: D:4-7

Altars:
Sif Muna
Vehumet


Innate Abilities, Weirdness & Mutations

You reflexively headbutt those who attack you in melee.
You have a pair of horns on your head.
You are partially covered in thin metallic scales. (AC +2)
You are dopey. (Int -2)


Message History

You destroy the kobold zombie!
You hit the mummy but do no damage.
The mummy is severely damaged.
The mummy completely misses you. You block the gnoll zombie's attack.
You closely miss the mummy.
The mummy is severely damaged.
The mummy hits you! The gnoll zombie hits you.
* * * LOW HITPOINT WARNING * * *
As you read the scroll of immolation, it crumbles to dust.
The creatures around you are filled with an inner flame!
The gnoll zombie hits you but does no damage.
Your chain mail prevents you from hitting the mummy.
You headbutt the mummy.
The mummy explodes!
The fiery explosion engulfs the gnoll zombie!!
The gnoll zombie explodes!
The fiery explosion engulfs you.
* * * LOW HITPOINT WARNING * * *
The fiery explosion engulfs you!!
You die...

........
......
#....#
#....#
#....#
#....#
#....#
#§.§.#
#@§§.#
#§§§.#
#§§∩.#
######


There were no monsters in sight!

Vanquished Creatures
  A scorpion (D:4)
  3 orc priests (D:3)
  An orc wizard (D:3)
  2 worker ants (D:4)
  A mummy (Ossuary)
  An adder (D:3)
  2 oozes (D:3)
  A dart slug (D:1)
  3 leopard geckos
  7 orcs (D:3)
  2 bats
  3 giant cockroaches
  3 gnoll zombies (Ossuary)
  7 goblins
  6 hobgoblins
  A quokka (D:4)
  5 frilled lizards
  A hobgoblin zombie (Ossuary)
  6 kobolds
  3 kobold zombies (Ossuary)
  A leopard gecko skeleton (D:4)
  4 rats
64 creatures vanquished.

Notes
Turn   | Place    | Note
-------+----------+-------------------------------------------
     0 | D:1      | Bbreath the Minotaur Fighter began the quest for the Orb.
     0 | D:1      | Reached XP level 1. HP: 19/19 MP: 0/0
   232 | D:1      | Reached XP level 2. HP: 27/27 MP: 1/1
  1155 | D:2      | Found a shimmering blue altar of Sif Muna.
  1271 | D:2      | Reached XP level 3. HP: 33/33 MP: 2/2
  1427 | D:2      | Found a radiant altar of Vehumet.
  2237 | D:3      | Reached XP level 4. HP: 22/40 MP: 3/3
  2304 | D:3      | Gained mutation: You are dopey. (Int -2) [potion of
                  | mutation]
  2304 | D:3      | Gained mutation: You are partially covered in thin metallic
                  | scales. (AC +2) [potion of mutation]
  2314 | D:3      | Reached XP level 5. HP: 25/46 MP: 4/4
  2925 | D:4      | Reached skill level 5 in Armour
  2925 | D:4      | Reached skill level 1 in Dodging
  3207 | D:4      | Reached skill level 5 in Shields
  3207 | D:4      | Reached XP level 6. HP: 53/53 MP: 5/5
  3261 | D:5      | Entered Level 5 of the Dungeon
  3268 | D:5      | Found a sand-covered staircase.
  3272 | Ossuary  | Entered an ossuary
  3314 | Ossuary  | Killed from afar by a mummy

Illustrated notes

Levels and vault maps discovered:
D:1:      heliophobic_arrival_battle_scene, layout_basic,
          chequers_serial_rivers_micro_c
D:2:      layout_loops_ring, lemuel_crystal_altar,
          nicolae_ru_the_path_less_chosen, dancing_weapons_uskayaw,
          lemuel_round_altar, minmay_misc_feat_plants, minivault_27,
          serial_bayou_crossing
D:3:      minmay_door_path, layout_basic, fountainhead,
          kennysheep_generic_room_8
D:4:      layout_layer_cave, first_ration, ebering_ghost_disaster_area,
          minmay_quadrilaterals, uniq_menkaure, uniq_duvessa, uniq_sigmund
D:5:      layout_loops_ring, minmay_temple_entry_glassed_door, enter_ossuary_5
Ossuary:  ossuary_tomb_3

Skill      XL: |  1  2  3  4  5 |
---------------+----------------+-----
Armour         | 4 5 |  5.2
Shields        | 4 5 |  5.0
Long Blades    | 3 4 |  4.7
Fighting       | 4 |  4.6
Dodging        | 1 |  1.2
Stealth        | |  0.8

Action                   |  1- 3 |  4- 6 || total
-------------------------+-------+-------++-------
Melee: Long sword        |    81 |    86 ||   167
       Headbutt          |    14 |    20 ||    34
  Use: Potion            |       |     6 ||     6
       Scroll            |       |     4 ||     4
 Stab: Invisible         |       |     2 ||     2
  Eat: Ration            |     4 |     1 ||     5
Armor: Scale mail        |    23 |    28 ||    51
       Chain mail        |       |    20 ||    20
Dodge: Dodged            |    23 |    22 ||    45
Block: Kite shield       |    46 |    57 ||   103
       Rpst.: Long sword |     2 |     7 ||     9

Table legend:
 A = Non-vault XP
 B = Vault XP
 C = Vault XP percentage of total XP
 D = Non-vault monster count
 E = Vault monster count
 F = Vault count percentage of total count
                 A         B        C        D         E       F
            +---------+---------+-------+---------+---------+-------
      Total |     371 |      73 |  16.4 |      51 |      13 |  20.3
            +---------+---------+-------+---------+---------+-------
        D:1 |      37 |       0 |   0.0 |      20 |       0 |   0.0
        D:2 |       8 |       0 |   0.0 |       4 |       0 |   0.0
        D:3 |     220 |      11 |   4.8 |      23 |       3 |  11.5
        D:4 |     106 |      35 |  24.8 |       4 |       2 |  33.3
    Ossuary |       0 |      27 | 100.0 |       0 |       8 | 100.0
            +---------+---------+-------+---------+---------+-------
